PA
GALESBURG GUZZLERS @ GWINNETT COUNTY BLACK CATS
05/20/2023
 
TOP OF THE 1ST
Galesburg Guzzlers batting - Pitching for Gwinnett County Black Cats : RHP Eduardo Villa
Pitching: RHP Eduardo Villa
Batting: RHB Mark Vidal 0-0: Called Strike
0-1: Ball
1-1: Called Strike
1-2: Foul Ball, location: 2F
1-2: Strikes out swinging
Batting: RHB Frank Crocker 0-0: Called Strike
0-1: Ball
1-1: Ball
2-1: Swinging Strike
2-2: Foul Ball, location: 2F
2-2: Strikes out swinging
Batting: RHB Meka Knight 0-0: Ball
1-0: Ball
2-0: Ball
3-0: Called Strike
3-1: Base on Balls
Batting: LHB Ray Anderson 0-0: SINGLE (Line Drive, 9S)
Meka Knight to second
Batting: RHB Steve Ladner 0-0: Ball
1-0: Called Strike
1-1: Foul Ball, location: 2F
1-2: Ball
2-2: Ball
3-2: Base on Balls
Meka Knight to third
Ray Anderson to second
Batting: RHB Ken Dillon 0-0: Foul Ball, location: 2F
0-1: Ball
1-1: Fly out, F7 (Line Drive, 78M)
Top of the 1st over - 0 run(s), 1 hit(s), 0 error(s), 3 left on base; Galesburg 0 - Gwinnett County 0
BOTTOM OF THE 1ST
Gwinnett County Black Cats batting - Pitching for Galesburg Guzzlers : RHP Victor de Meij
Pitching: RHP Victor de Meij
Batting: RHB Aaron Taylor 0-0: Ball
1-0: Fly out, F8 (Flyball, 8RM)
Batting: RHB Vicente Espinoza 0-0: Called Strike
0-1: Ball
1-1: Ground out 5-3 (Groundball, 56)
Batting: LHB Jorge Borbón 0-0: Foul Ball, location: 2F
0-1: Called Strike
0-2: Foul Ball, location: 2F
0-2: Ball
1-2: Strikes out looking
Bottom of the 1st over - 0 run(s), 0 hit(s), 0 error(s), 0 left on base; Galesburg 0 - Gwinnett County 0
TOP OF THE 2ND
Galesburg Guzzlers batting - Pitching for Gwinnett County Black Cats : RHP Eduardo Villa
Batting: LHB Chris Etheridge 0-0: Ball
1-0: Called Strike
1-1: Ball
2-1: Ground out U3 (Groundball, 3)
Batting: RHB Tripp Donahue 0-0: Fly out, F4 (Popup, 4)
Batting: RHB Bubba Blevins 0-0: Ball
1-0: Ball
2-0: Ground out 6-3 (Groundball, 6)
Top of the 2nd over - 0 run(s), 0 hit(s), 0 error(s), 0 left on base; Galesburg 0 - Gwinnett County 0
BOTTOM OF THE 2ND
Gwinnett County Black Cats batting - Pitching for Galesburg Guzzlers : RHP Victor de Meij
Batting: LHB Willis Baker 0-0: Foul Ball, location: 2F
0-1: Swinging Strike
0-2: Fly out, F7 (Flyball, 7LMF)
Batting: RHB John Townsend 0-0: Ball
1-0: Ball
2-0: DOUBLE (Groundball, 5L)
Batting: RHB Addie Kattenberg 0-0: Foul Ball, location: 2F
0-1: Called Strike
0-2: Ball
1-2: Foul Ball, location: 2F
1-2: Foul Ball, location: 2F
1-2: Ball
2-2: Foul Ball, location: 2F
2-2: Foul Ball, location: 2F
2-2: Foul Ball, location: 2F
2-2: Strikes out swinging
Batting: LHB Jace McNulty 0-0: Swinging Strike
0-1: SINGLE (Line Drive, 9S)
John Townsend to third
Batting: RHB Clarence Weber 0-0: Called Strike
0-1: Ball
1-1: Fly out, F9 (Flyball, 9D)
Bottom of the 2nd over - 0 run(s), 2 hit(s), 0 error(s), 2 left on base; Galesburg 0 - Gwinnett County 0
TOP OF THE 3RD
Galesburg Guzzlers batting - Pitching for Gwinnett County Black Cats : RHP Eduardo Villa
Batting: RHB Mark Vidal 0-0: Foul Ball, location: 2F
0-1: Bunt missed!
0-2: Foul Ball, location: 2F
0-2: Ball
1-2: Ball
2-2: Ball
3-2: Fly out, F3 (Popup, 3F)
Batting: RHB Frank Crocker 0-0: SINGLE (Line Drive, 8LS)
Batting: RHB Meka Knight 0-0: Reached on Error, E9 (Flyball, 9M)
Frank Crocker to second
Batting: LHB Ray Anderson 0-0: Ball
1-0: Foul Ball, location: 2F
1-1: SINGLE (Groundball, 4MD)
Frank Crocker to third
Meka Knight to second
Runner from 3rd tries for Home, SAFE, no throw or cutoff
Batting: RHB Steve Ladner 0-0: Ball
1-0: Ball
2-0: Ball
3-0: Called Strike
3-1: DOUBLE (Flyball, 89D)
Meka Knight scores
Ray Anderson to third
Batting: RHB Ken Dillon 0-0: Ball
1-0: Foul Ball, location: 2F
1-1: Ground out 5-3 (Groundball, 5S)
Batting: LHB Chris Etheridge 0-0: Foul Ball, location: 2F
0-1: Ball
1-1: Swinging Strike
1-2: SINGLE (Line Drive, 34D)
Ray Anderson scores
Steve Ladner to third
Throwing error, E9
Steve Ladner scores
Chris Etheridge to second
Batting: RHB Tripp Donahue 0-0: Foul Ball, location: 2F
0-1: Swinging Strike
0-2: Ball
1-2: Strikes out swinging
Top of the 3rd over - 4 run(s), 4 hit(s), 2 error(s), 1 left on base; Galesburg 4 - Gwinnett County 0
BOTTOM OF THE 3RD
Gwinnett County Black Cats batting - Pitching for Galesburg Guzzlers : RHP Victor de Meij
Batting: RHB Luis Guerrero 0-0: Bunt for hit - play at first, batter OUT! 5-3
Batting: RHB Aaron Taylor 0-0: Foul Ball, location: 2F
0-1: Ball
1-1: Ball
2-1: Ground out 5-3 (Groundball, 5F)
Batting: RHB Vicente Espinoza 0-0: Ball
1-0: Ball
2-0: Ball
3-0: Base on Balls
Batting: LHB Jorge Borbón 0-0: Foul Ball, location: 2F
0-1: Ball
1-1: Ball
2-1: Called Strike
2-2: Ball
3-2: Foul Ball, location: 2F
3-2: Strikes out looking
Bottom of the 3rd over - 0 run(s), 0 hit(s), 0 error(s), 1 left on base; Galesburg 4 - Gwinnett County 0
TOP OF THE 4TH
Galesburg Guzzlers batting - Pitching for Gwinnett County Black Cats : RHP Eduardo Villa
Batting: RHB Bubba Blevins 0-0: Ball
1-0: Called Strike
1-1: Ball
2-1: Fly out, F4 (Popup, 4D)
Batting: RHB Mark Vidal 0-0: Called Strike
0-1: Ball
1-1: SINGLE (Groundball, 34)
Batting: RHB Frank Crocker 0-0: Ball
Mark Vidal steals 2nd base
1-0: Ball
2-0: Swinging Strike
2-1: Ground out 1-3 (Groundball, 13)
Mark Vidal to third
Batting: RHB Meka Knight 0-0: SINGLE (Groundball, 6MD)
Mark Vidal scores
Batting: LHB Ray Anderson 0-0: Called Strike
0-1: Foul Ball, location: 2F
0-2: Ball
1-2: Ball
2-2: Foul Ball, location: 2F
2-2: Ball
3-2: Fly out, F6 (Popup, 8LS)
Top of the 4th over - 1 run(s), 2 hit(s), 0 error(s), 1 left on base; Galesburg 5 - Gwinnett County 0
BOTTOM OF THE 4TH
Gwinnett County Black Cats batting - Pitching for Galesburg Guzzlers : RHP Victor de Meij
Batting: LHB Willis Baker 0-0: Fly out, F7 (Flyball, 8LM)
Batting: RHB John Townsend 0-0: Ball
1-0: Ball
2-0: Foul Ball, location: 2F
2-1: Foul Ball, location: 2F
2-2: Ball
3-2: Foul Ball, location: 2F
3-2: Foul Ball, location: 2F
3-2: Ground out 5-3 (Groundball, 56)
Batting: RHB Addie Kattenberg 0-0: Ground out 1-3 (Groundball, 13)
Bottom of the 4th over - 0 run(s), 0 hit(s), 0 error(s), 0 left on base; Galesburg 5 - Gwinnett County 0
TOP OF THE 5TH
Galesburg Guzzlers batting - Pitching for Gwinnett County Black Cats : RHP Eduardo Villa
Batting: RHB Steve Ladner 0-0: Ball
1-0: Swinging Strike
1-1: Ball
2-1: Hit by Pitch
Batting: RHB Ken Dillon 0-0: Sac Bunt - play at first, batter OUT! 1-3
Steve Ladner to second
Batting: LHB Chris Etheridge 0-0: Ball
1-0: Ball
2-0: Called Strike
2-1: Swinging Strike
2-2: Ball
3-2: SINGLE (Flyball, 8RS)
Steve Ladner to third
Batting: RHB Tripp Donahue 0-0: Ball
1-0: Fly out, F7 (Flyball, 7M)
Runner from 3rd tags up, SCORES, no throw
Batting: RHB Bubba Blevins 0-0: Ball
1-0: Ball
2-0: Ball
3-0: Called Strike
3-1: Ground out 5-3 (Groundball, 56)
Top of the 5th over - 1 run(s), 1 hit(s), 0 error(s), 1 left on base; Galesburg 6 - Gwinnett County 0
BOTTOM OF THE 5TH
Gwinnett County Black Cats batting - Pitching for Galesburg Guzzlers : RHP Victor de Meij
Batting: LHB Jace McNulty 0-0: Ball
1-0: SINGLE (Line Drive, 9LS)
Batting: RHB Clarence Weber 0-0: Ball
1-0: Ball
2-0: Ball
3-0: Called Strike
3-1: Called Strike
3-2: Foul Ball, location: 2F
3-2: Foul Ball, location: 2F
3-2: Strikes out looking
Batting: RHB Luis Guerrero 0-0: Ball
1-0: Foul Ball, location: 2F
1-1: Ball
2-1: Called Strike
2-2: Ball
3-2: Base on Balls
Jace McNulty to second
Batting: RHB Aaron Taylor 0-0: Fielders Choice at 2nd, 1-6 (Groundball, 15)
Jace McNulty to third
Batting: RHB Vicente Espinoza 0-0: Ball
1-0: Foul Ball, location: 2F
1-1: Fielders Choice at 2nd, U6 (Groundball, 6MD)
Bottom of the 5th over - 0 run(s), 1 hit(s), 0 error(s), 2 left on base; Galesburg 6 - Gwinnett County 0
TOP OF THE 6TH
Galesburg Guzzlers batting - Pitching for Gwinnett County Black Cats : RHP Eduardo Villa
Pitching: RHP Bernaldyn Cnova
Batting: RHB Mark Vidal 0-0: Swinging Strike
0-1: Ball
1-1: SINGLE (Groundball, 34D) (infield hit)
Batting: RHB Frank Crocker 0-0: Bunted foul
0-1: Ball
1-1: Sac Bunt - play at first, batter OUT! 3-4
Mark Vidal to second
Batting: RHB Meka Knight 0-0: Ball
1-0: Ball
2-0: Ball
3-0: Base on Balls
Batting: LHB Ray Anderson 0-0: Ball
1-0: Called Strike
1-1: Ball
2-1: Ball
3-1: Base on Balls
Mark Vidal to third
Meka Knight to second
Batting: RHB Steve Ladner 0-0: Called Strike
0-1: Swinging Strike
0-2: Ball
1-2: Strikes out looking
Batting: RHB Ken Dillon 0-0: Ball
1-0: Ball
2-0: Ball
3-0: Called Strike
3-1: Foul Ball, location: 2F
3-2: Base on Balls
Mark Vidal scores
Meka Knight to third
Ray Anderson to second
Batting: LHB Chris Etheridge 0-0: Fly out, F8 (Flyball, 8LM)
Top of the 6th over - 1 run(s), 1 hit(s), 0 error(s), 3 left on base; Galesburg 7 - Gwinnett County 0
BOTTOM OF THE 6TH
Gwinnett County Black Cats batting - Pitching for Galesburg Guzzlers : RHP Victor de Meij
Batting: LHB Jorge Borbón 0-0: Ball
1-0: Foul Ball, location: 2F
1-1: Foul Ball, location: 2F
1-2: Ball
2-2: Strikes out swinging
Batting: LHB Willis Baker 0-0: Ball
1-0: Swinging Strike
1-1: Swinging Strike
1-2: Strikes out swinging
Batting: RHB John Townsend 0-0: Fly out, F8 (Flyball, 8LS)
Bottom of the 6th over - 0 run(s), 0 hit(s), 0 error(s), 0 left on base; Galesburg 7 - Gwinnett County 0
TOP OF THE 7TH
Galesburg Guzzlers batting - Pitching for Gwinnett County Black Cats : RHP Bernaldyn Cnova
Batting: RHB Tripp Donahue 0-0: Swinging Strike
0-1: Called Strike
0-2: Strikes out swinging
Batting: RHB Bubba Blevins 0-0: Called Strike
0-1: Ball
1-1: Ground out 5-3 (Groundball, 56)
Batting: RHB Mark Vidal 0-0: Ground out 4-3 (Groundball, 4M)
Top of the 7th over - 0 run(s), 0 hit(s), 0 error(s), 0 left on base; Galesburg 7 - Gwinnett County 0
BOTTOM OF THE 7TH
Gwinnett County Black Cats batting - Pitching for Galesburg Guzzlers : RHP Victor de Meij
Batting: RHB Addie Kattenberg 0-0: Foul Ball, location: 2F
0-1: Called Strike
0-2: Ball
1-2: Strikes out looking
Batting: LHB Jace McNulty 0-0: Ball
1-0: SOLO HOME RUN (Flyball, 9D), Distance : 375 ft
Batting: RHB Clarence Weber 0-0: Called Strike
0-1: Ball
1-1: Swinging Strike
1-2: Ground out 1-3 (Groundball, 13)
Batting: RHB Luis Guerrero 0-0: Bunted foul
0-1: Ball
1-1: Swinging Strike
1-2: SINGLE (Line Drive, 7LS)
Batting: RHB Aaron Taylor 0-0: Called Strike
0-1: Ball
1-1: Ground out 6-3 (Groundball, 6)
Bottom of the 7th over - 1 run(s), 2 hit(s), 0 error(s), 1 left on base; Galesburg 7 - Gwinnett County 1
TOP OF THE 8TH
Galesburg Guzzlers batting - Pitching for Gwinnett County Black Cats : RHP Bernaldyn Cnova
Batting: RHB Frank Crocker 0-0: Reached on error, E4 (Groundball, 13)
Batting: RHB Meka Knight 0-0: Swinging Strike
0-1: Ball
1-1: Foul Ball, location: 2F
1-2: Strikes out looking
Batting: LHB Ray Anderson 0-0: 2-RUN HOME RUN (Flyball, 89XD), Distance : 410 ft
Batting: RHB Steve Ladner 0-0: Swinging Strike
0-1: Called Strike
0-2: Fly out, F4 (Line Drive, 34)
Batting: RHB Ken Dillon 0-0: Ball
1-0: Ball
2-0: Called Strike
2-1: Swinging Strike
2-2: Foul Ball, location: 2F
2-2: Foul Ball, location: 2F
2-2: Strikes out looking
Top of the 8th over - 2 run(s), 1 hit(s), 1 error(s), 0 left on base; Galesburg 9 - Gwinnett County 1
BOTTOM OF THE 8TH
Gwinnett County Black Cats batting - Pitching for Galesburg Guzzlers : RHP Victor de Meij
Pitching: RHP Jim Unknown
Batting: RHB Vicente Espinoza 0-0: Ball
1-0: Ball
2-0: Ground out 4-3 (Groundball, 4)
Batting: LHB Jorge Borbón 0-0: Swinging Strike
0-1: Called Strike
0-2: Ball
1-2: Fly out, F7 (Flyball, 7M)
Batting: LHB Willis Baker 0-0: Swinging Strike
0-1: Foul Ball, location: 2F
0-2: Strikes out swinging
Bottom of the 8th over - 0 run(s), 0 hit(s), 0 error(s), 0 left on base; Galesburg 9 - Gwinnett County 1
TOP OF THE 9TH
Galesburg Guzzlers batting - Pitching for Gwinnett County Black Cats : RHP Bernaldyn Cnova
Batting: LHB Chris Etheridge 0-0: Foul Ball, location: 2F
0-1: Ball
1-1: Ball
2-1: Foul Ball, location: 2F
2-2: Foul Ball, location: 2F
2-2: Ground out 4-3 (Groundball, 34)
Pitching: RHP Phillipp Vorburger
Batting: RHB Tripp Donahue 0-0: Called Strike
0-1: Called Strike
0-2: Ball
1-2: Ball
2-2: Foul Ball, location: 2F
2-2: SINGLE (Flyball, 9LS)
Batting: RHB Bubba Blevins 0-0: Called Strike
0-1: Swinging Strike
0-2: Strikes out looking
Batting: RHB Mark Vidal 0-0: Called Strike
0-1: Called Strike
0-2: Foul Ball, location: 2F
0-2: Foul Ball, location: 2F
0-2: Fly out, F8 (Flyball, 8LS)
Top of the 9th over - 0 run(s), 1 hit(s), 0 error(s), 1 left on base; Galesburg 9 - Gwinnett County 1
BOTTOM OF THE 9TH
Gwinnett County Black Cats batting - Pitching for Galesburg Guzzlers : RHP Jim Unknown
Batting: RHB John Townsend 0-0: Swinging Strike
0-1: Ball
1-1: Swinging Strike
1-2: Strikes out looking
Batting: RHB Addie Kattenberg 0-0: Called Strike
0-1: Called Strike
0-2: Ball
1-2: Strikes out swinging
Batting: LHB Jace McNulty 0-0: Ball
1-0: Ground out 6-3 (Groundball, 6)
Bottom of the 9th over - 0 run(s), 0 hit(s), 0 error(s), 0 left on base; Galesburg 9 - Gwinnett County 1
This league is powered by Out of the Park Baseball, the baseball management simulation game for PC, Mac and Linux
Friday, July 8th, 2016 - OOTP Baseball 16.9 Build 39